 Dungeon Crawl Stone Soup version 0.20.1-1-g8b1a95d (webtiles) character file.

261 digijack the Grave Robber (level 5, -12/41 HPs)
             Began as a Draconian Necromancer on Dec 16, 2017.
             Mangled by an ogre
             ... wielding a +0 giant club
              (15 damage)
             ... on level 4 of the Dungeon.
             The game lasted 00:20:08 (3453 turns).

digijack the Grave Robber (Draconian Necromancer)   Turns: 3453, Time: 00:20:08

Health: -12/41     AC:  5    Str: 10    XL:     5   Next: 96%
Magic:  3/10       EV: 12    Int: 17    God:
Gold:   155        SH:  0    Dex: 11    Spells: 6/10 levels left

rFire    . . .     SeeInvis .   b - +2 spear (venom)
rCold    . . .     Gourm    .   (no shield)
rNeg     . . .     Faith    .   (armour unavailable)
rPois    .         Spirit   .   (helmet restricted)
rElec    .         Reflect  .   (no cloak)
rCorr    .         Harm     .   (no gloves)
MR       +....                  (no boots)
Stlth    ++........             (no amulet)
Regen    0.2/turn               k - ring of protection from magic
MPRegen  0.2/turn               (no ring)

@: no status effects
A: unfitting armour, talons 1, wild magic 1, cold-blooded, AC +5
a: no special abilities


You were on level 4 of the Dungeon.
You were not hungry.

You visited 1 branch of the dungeon, and saw 4 of its levels.

You collected 155 gold pieces.

Inventory:

Hand Weapons
 b - a +2 spear of venom (weapon)
Jewellery
 k - a ring of protection from magic (left hand)
Scrolls
 c - 4 scrolls of identify
 d - a scroll of blinking
Potions
 f - a potion of agility
 i - a potion of curing
Books
 a - a book of Necromancy

   Spells                             Type                      Level
   a - Pain                           Necromancy                   1
   b - Animate Skeleton               Necromancy                   1
   c - Vampiric Draining              Necromancy                   3
   d - Regeneration                   Charms/Necromancy            3
   e - Animate Dead                   Necromancy                   4
   f - Control Undead                 Necromancy                   4
Comestibles
 e - 2 bread rations
 g - 2 royal jellies
 h - a chunk of flesh
 j - a meat ration


   Skills:
 + Level 2.1 Fighting
 - Level 2.0 Polearms
 + Level 2.4 Dodging
 + Level 3.0 Stealth
 + Level 3.3 Spellcasting
 + Level 4.6 Necromancy


You had 6 spell levels left.
You knew the following spells:

 Your Spells              Type           Power        Failure   Level  Hunger
a - Pain                  Necr           ###.         4%          1    None
b - Vampiric Draining     Necr           ###.......   12%         3    ###....


Dungeon Overview and Level Annotations

Branches:
Dungeon (4/15)
 Temple: D:4-7

Altars:
Dithmenos
Xom


Innate Abilities, Weirdness & Mutations

Your plain brown scales are hard. (AC +5)
You cannot fit into any form of body armour.
You are cold-blooded and may be slowed by cold attacks.
You have sharp toenails.
Your spells are a little harder to cast, but a little more powerful.


Message History

Aiming: Pain
Press: ? - help, Shift-Dir - straight line, f/p - ogre
Aim: an ogre, wielding a giant club (almost dead, chance to defeat MR: 83%)
The ogre writhes in agony!
The ogre hits you with a giant club!!
Ouch! That really hurt!
* * * LOW HITPOINT WARNING * * *
Unknown command.
Casting: Pain
Confirm with . or Enter, or press ? or * to list all spells.
Aiming: Pain
Press: ? - help, Shift-Dir - straight line, f/p - ogre
Aim: an ogre, wielding a giant club (almost dead, chance to defeat MR: 83%)
The ogre barely resists.
Casting: Pain
Confirm with . or Enter, or press ? or * to list all spells.
Aiming: Pain
Press: ? - help, Shift-Dir - straight line, f/p - ogre
Aim: an ogre, wielding a giant club (almost dead, chance to defeat MR: 83%)
The ogre writhes in agony!
The ogre hits you with a giant club!
You die...

..♣............P..♣.P♣♣♣
♣P..#..._...#..÷♣.PPP♣.
.♣.................♣P.♣P
♣..♣...#.÷.#......P..♣..
♣......♣.♣...8..P♣...♣.♣
..♣.♣..P..♣P.♣♣♣P.♣.P. P
♣PP..♣.P..♣$.♣..♣.♣.
♣♣♣♣.♣♣♣.♣♣.♣P♣.§♣♣♣P
♣PP.@♣P♣....♣♣♣♣§♣ ♣♣
♣♣.POP..♣♣♣PP .♣§
#......♣.♣ ♣ ♣ §
#....##.# ....... .#
....... .. ####### .# .#


You could see an ogre.

Vanquished Creatures
  A howler monkey (D:4)
  An iguana (D:4)
  Ijyb (D:4)
  A worker ant (D:4)
  A gnoll (D:1)
  5 adders
  3 worms
  3 dart slugs
  2 leopard geckos (D:4)
  2 orcs (D:3)
  A ball python (D:1)
  4 giant cockroaches
  A goblin (D:1)
  8 hobgoblins
  7 jackals
  10 quokkas
  3 bats
  7 frilled lizards
  10 kobolds
  4 rats
  A bush (D:3)
76 creatures vanquished.

Notes
Turn   | Place    | Note
-------+----------+-------------------------------------------
     0 | D:1      | digijack the Draconian Necromancer began the quest for the Orb.
     0 | D:1      | Reached XP level 1. HP: 14/14 MP: 3/3
   106 | D:1      | Reached XP level 2. HP: 16/20 MP: 0/5
   455 | D:1      | Gained mutation: Your spells are a little harder to cast, but a little more powerful. [potion of mutation]
   455 | D:1      | Gained mutation: You have sharp toenails. [potion of mutation]
   555 | D:1      | Reached XP level 3. HP: 25/27 MP: 1/6
   884 | D:2      | Learned a level 3 spell: Vampiric Draining
  1197 | D:2      | Reached XP level 4. HP: 34/34 MP: 6/8
  1253 | D:2      | Reached skill level 1 in Fighting
  1795 | D:3      | Found a shadowy altar of Dithmenos.
  2003 | D:3      | Reached skill level 1 in Polearms
  2192 | D:3      | Found a shadowy altar of Dithmenos.
  2777 | D:4      | Noticed Ijyb
  2786 | D:4      | Killed Ijyb
  2786 | D:4      | Reached XP level 5. HP: 26/41 MP: 2/9
  3398 | D:4      | Found a shimmering altar of Xom.
  3435 | D:4      | Noticed an ogre
  3453 | D:4      | Mangled by an ogre

Skill      XL: |  1  2  3  4  5 |
---------------+----------------+-----
Dodging        | 2 |  2.4
Stealth        | 2 3 |  3.0
Fighting       | 1 2 |  2.1
Polearms       | 1 2 |  2.0
Spellcasting   | 3 |  3.3
Necromancy     | |  4.6

Action                   |  1- 3 |  4- 6 || total
-------------------------+-------+-------++-------
Melee: Unarmed           |     4 |       ||     4
       Spear             |     7 |    58 ||    65
       Kick              |       |    19 ||    19
       Tailslap          |       |    10 ||    10
 Cast: Pain              |    55 |   110 ||   165
  Use: Potion            |     4 |     3 ||     7
       Scroll            |     3 |     2 ||     5
  Eat: Chunk             |     2 |     2 ||     4
       Meat ration       |       |     1 ||     1
Armor: Skin              |     4 |     9 ||    13
Dodge: Dodged            |     9 |    28 ||    37
